 Dungeon Crawl Stone Soup version 0.28.0-47-ge53b351184 (webtiles) character file.

Game seed: 4701057288413655378

398 101zpm the Magician (level 7, 0/46 HPs)
             Began as a Djinni Ice Elementalist on Apr 27, 2022.
             Was an Initiate of Makhleb.
             Slain by Eustachio
             ... wielding a +0 rapier
              (3 damage)
             ... on level 6 of the Dungeon.
             The game lasted 00:12:50 (6996 turns).

101zpm the Magician (Djinni Ice Elementalist)       Turns: 6996, Time: 00:12:51

Health: 0/46       AC:  6    Str:  7    XL:     7   Next: 10%
Gold:   137        EV: 13    Int: 18    God:    Makhleb [......] SH:  0 Dex: 14

rFire   + + .      SeeInvis .   v - +3 dagger
rCold   x . .      Faith    .   (no shield)
rNeg    . . .      Spirit   .   a - +0 robe
rPois   ∞          Reflect  .   (no helmet)
rElec   .          Harm     .   (no cloak)
rCorr   .          Rampage  .   (no gloves)
Will    .....                   (boots unavailable)
Stlth   ++........              (no amulet)
HPRegen 0.15/turn               (no ring)
MPRegen 0.00/turn               (no ring)

@: mighty, brilliant, freezing walls, flying
A: sickness immunity, fire resistance 2, cold vulnerability 1, float, innate
caster, HP casting, extra vitality 1, iridescent scales 2
a: Renounce Religion


You were on level 6 of the Dungeon.
You worshipped Makhleb.
Makhleb was noncommittal.
You visited 1 branch of the dungeon, and saw 8 of its levels.

You collected 137 gold pieces.

Inventory:

Hand Weapons
 v - a +3 dagger (weapon)
Armour
 a - a +0 robe (worn)
Jewellery
 e - a ring of fire
 h - a ring of positive energy
 o - a ring of willpower
 x - an amulet of reflection
Wands
 t - a wand of flame (25)
 y - a wand of acid (9)
Scrolls
 b - a scroll of summoning {unknown}
 c - 3 scrolls of immolation
 d - 4 scrolls of identify
 g - a scroll of teleportation {unknown}
 j - a scroll of torment {unknown}
 l - 3 scrolls of enchant weapon {unknown}
 m - a scroll of enchant armour {unknown}
 p - a scroll of blinking {unknown}
 q - 3 scrolls of vulnerability {unknown}
 s - a scroll of amnesia {unknown}
Potions
 i - a potion of heal wounds {unknown}
 k - 2 potions of mutation
 n - a potion of might
 r - a potion of curing {unknown}
 u - a potion of attraction {unknown}
 w - a potion of resistance {unknown}


   Skills:
 + Level 0.6 Fighting
 + Level 2.9 Dodging
 + Level 2.3 Stealth
 + Level 1.3 Unarmed Combat
 + Level 5.6 Spellcasting


You had one spell level left.
You knew the following spells:

 Your Spells              Type           Power      Damage    Failure   Level
a - Freeze                Ice            100%       1d11      1%          1
b - Frozen Ramparts       Ice            74%        1d9       3%          3
c - Ozocubu's Armour      Ice            37%        N/A       3%          3
d - Hailstorm             Conj/Ice       37%        3d9       12%         4
e - Sandblast             Erth           74%        2d16      1%          1
f - Ensorcelled Hibernat  Hex/Ice        74%        N/A       1%          2
g - Poisonous Vapours     Pois/Air       74%        N/A       1%          2
Your spell library was empty.

Dungeon Overview and Level Annotations

Branches:
Dungeon (8/15)
 Temple: D:4-7         Lair: D:8-11

Altars:
Makhleb
Okawaru
Uskayaw
Wu Jian

Shops:
D:3 [

Annotations:
D:6 Eustachio


Innate Abilities, Weirdness & Mutations

You are immune to sickness and miasma.
You are immune to poison.
Your flesh is very heat resistant. (rF++)
You are vulnerable to cold. (rC-)
You float through the air rather than walking.
You learn spells naturally, not from books.
Your magical power is your life essence.
You have superior vitality. (+4 MHP)
You are mostly covered in iridescent scales. (AC +4)


Message History

Level annotation: Eustachio The bullfrog skeleton hits you.
The wyvern zombie bites you!
The bullfrog skeleton hits you but does no damage.
The wyvern zombie bites you but does no damage.
There is a stone staircase leading down here.
Eustachio completely misses you.
The bullfrog skeleton hits you but does no damage.
The wyvern zombie bites you!
You fly downwards.
There is a stone staircase leading up here.
Casting: Freeze (safe; 1% risk of failure)
Confirm with . or Enter, or press ? or * to list all spells.
Casting: Frozen Ramparts (dangerous; 3% risk of failure)
Press: ? - help, Dir - look around, f - activate A stone staircase leading up.
The walls around you are covered in ice.
* * * LOW HITPOINT WARNING * * *
The wall freezes Eustachio.
Eustachio hits you with a +0 rapier!
* * * LOW HITPOINT WARNING * * *
Casting: Frozen Ramparts (dangerous; 3% risk of failure)
Confirm with . or Enter, or press ? or * to list all spells.
You don't have enough health to cast this spell.
It was a potion of mutation.
You feel extremely strange.
Iridescent scales grow over part of your body.
Iridescent scales spread over more of your body.
The wall freezes Eustachio.
Eustachio closely misses you.
Okay, then.
It was a potion of might.
You feel very mighty all of a sudden.
The wall freezes Eustachio.
Eustachio misses you.
It was a potion of brilliance.
You feel clever all of a sudden.
The wall freezes Eustachio.
Eustachio gestures wildly while chanting.
Eustachio blinks!
As you read the scroll labelled QOREH NAKEYRUJ, it crumbles to dust.
It is a scroll of identify.
c - 3 scrolls of immolation The wall freezes Eustachio. x2; Eustachio hits you with a +0 rapier.
You die...

### #.# #.#####
#########.....#
#............##
#######.#######.#####
.....##.# #.@@§..#
.....##.# #.#.####
.....##.# #.#.#
.....##)# #.#.#
.....##)## #.#.#
.......).# #.#.#
.........#####.#.#
.........'.......#
.........#####.###


You could see Eustachio.

Vanquished Creatures
  A sky beast (D:7)
  A scorpion (D:4)
  A bullfrog skeleton (D:5)
  2 iguanas
  An orc wizard (D:6)
  3 adders
  2 worms
  A dart slug (D:4)
  9 orcs
  7 ball pythons
  8 bats
  6 endoplasms
  9 giant cockroaches
  4 goblins
  10 hobgoblins
  7 jackals
  A quokka (D:1)
  2 frilled lizards
  8 kobolds
  6 rats
89 creatures vanquished.

Vanquished Creatures (others)
  9 plants (D:4)
  4 withered plants (D:5)
13 creatures vanquished.

Grand Total: 102 creatures vanquished

Notes
Turn   | Place    | Note
-------+----------+-------------------------------------------
     0 | D:1      | 101zpm the Djinni Ice Elementalist began the quest for the
                  | Orb.
     0 | D:1      | Reached XP level 1. HP: 15/15 MP: 0/0
   372 | D:2      | Reached XP level 2. HP: 5/21 MP: 0/0
   668 | D:2      | Reached XP level 3. HP: 24/25 MP: 0/0
   668 | D:2      | Learned a level 1 spell: Sandblast
  1170 | D:2      | Reached skill level 4 in Spellcasting
  1584 | D:2      | Reached XP level 4. HP: 30/31 MP: 0/0
  2130 | D:1      | Found a faded altar of an unknown god.
  2438 | D:1      | Found an iron altar of Okawaru.
  3591 | D:3      | Reached XP level 5. HP: 35/36 MP: 0/0
  3591 | D:3      | Learned a level 2 spell: Ensorcelled Hibernation
  3693 | D:3      | Found Kusysanaq's Antique Armour Shoppe.
  4464 | D:5      | Entered Level 5 of the Dungeon
  4729 | D:5      | Reached skill level 5 in Spellcasting
  4729 | D:5      | Reached XP level 6. HP: 3/41 MP: 0/0
  4877 | D:5      | Noticed Eustachio
  5643 | D:6      | Noticed a steam dragon
  5855 | D:7      | Found an ornate altar of the Wu Jian Council.
  5858 | D:7      | Noticed a sky beast
  5870 | D:7      | Killed a sky beast
  5871 | D:7      | Reached skill level 1 in Unarmed Combat
  6011 | D:7      | Reached XP level 7. HP: 28/46 MP: 0/0
  6011 | D:7      | Learned a level 2 spell: Poisonous Vapours
  6160 | D:7      | Found a burning altar of Makhleb.
  6166 | D:7      | Became a worshipper of Makhleb the Destroyer
  6183 | D:7      | Found a hide-covered altar of Uskayaw.
  6993 | D:6      | Gained mutation: You are partially covered in iridescent
                  | scales. (AC +2) [potion of mutation]
  6993 | D:6      | Gained mutation: You are mostly covered in iridescent
                  | scales. (AC +4) [potion of mutation]
  6996 | D:6      | Slain by Eustachio

Illustrated notes

Levels and vault maps discovered:
D:1:      nzn_arrival_water_spiral, layout_loops_corners,
          dreamdust_ecumenical_altar_statues, kennysheep_crisscross, hex_medium,
          nrook_mini_vaults, chequers_serial_rivers_small_a, minmay_hexomino_r4
D:2:      minmay_skewed_foursquare, layout_basic, kennysheep_nondescript,
          minmay_worlds_worst_comb
D:3:      wander_river, layout_loops_ring, serial_shops,
          nicolae_shop_hallway_stairs, minivault_26,
          chequers_serial_rivers_small_b
D:4:      cheibrodos_pilgrimage, layout_basic, serial_bayou,
          serial_bayou_shore_a, serial_bayou_pond_e, serial_bayou_lake_a,
          serial_bayou_crossing, st_stairs_13, uniq_sigmund
D:5:      layout_cave_pools, serial_undead, serial_undead_d, serial_undead_b,
          serial_undead_c, serial_undead_e, serial_undead_e, serial_undead_f,
          goddamned_bats, uniq_eustachio
D:6:      layout_basic, minmay_temple_entry_mini_moons,
          ebering_ghost_disaster_area, minmay_manual_mullet
D:7:      layout_cave_pools, kennysheep_mini_moat,
          pdpol_wu_jian_five_deadly_venoms, mainiacjoe_overflow_alcove_2
D:8:      layout_gridville

Skill      XL: |  1  2  3  4  5  6 |
---------------+-------------------+-----
Spellcasting   | 4 5 |  5.6
Stealth        | 2 |  2.3
Unarmed Combat | 1 |  1.3
Fighting       | |  0.6
Dodging        | |  2.9

Action                   |  1- 3 |  4- 6 |  7- 9 || total
-------------------------+-------+-------+-------++-------
Melee: Unarmed           |     6 |    29 |       ||    35
       Punch             |       |     2 |       ||     2
 Cast: Freeze            |    44 |    84 |     4 ||   132
       Frozen Ramparts   |       |    13 |     5 ||    18
       Ozocubu's Armour  |       |     6 |     1 ||     7
       Hailstorm         |       |     6 |       ||     6
  Use: Potion            |       |       |     3 ||     3
       Scroll            |       |       |     1 ||     1
Armor: Robe              |     4 |    28 |     3 ||    35
Dodge: Dodged            |    24 |    64 |     4 ||    92
